 Dungeon Crawl Stone Soup version 0.27.1-1-g398f81649c (webtiles) character file.

Game seed: 15858874266340670747

27475 Brecoman the Cleaver (level 13, -12/113 HPs)
             Began as a Minotaur Berserker on Sept 6, 2021.
             Was an Elder of Trog.
             Mangled by Rupert (35 damage)
             ... on level 4 of the Lair of Beasts.
             The game lasted 00:51:18 (16554 turns).

Brecoman the Cleaver (Minotaur Berserker)          Turns: 16554, Time: 00:51:18

Health: -12/113    AC: 19    Str: 30    XL:     13   Next: 4%
Magic:  0/12       EV:  6    Int:  4    God:    Trog [****..]
Gold:   306        SH: 13    Dex: 12    Spells: 12/12 levels left

rFire    . . .     SeeInvis .   a - +1 war axe (vamp)
rCold    + . .     Faith    .   R - +0 tower shield {AC+3}
rNeg     + . .     Spirit   +   n - +2 scale mail {rC+}
rPois    +         Reflect  .   (helmet restricted)
rElec    .         Harm     .   G - +2 ratskin cloak {*Rats rPois rN+ Str-1 Int-1 Dex+1}
rCorr    .         Rampage  .   y - +0 pair of gloves
Will     ++...                  e - +0 pair of boots
Stlth    ..........             N - amulet of guardian spirit
HPRegen  1.28/turn              D - ring of poison resistance
MPRegen  0.13/turn              U - +6 ring of strength

@: about to teleport, strong-willed, regenerating
A: horns 2, retaliatory headbutt
a: Renounce Religion, Berserk, Trog's Hand, Brothers in Arms


You were on level 4 of the Lair of Beasts.
You worshipped Trog.
Trog was greatly pleased with you.
You visited 2 branches of the dungeon, and saw 13 of its levels.
You also visited: Sewer.

You collected 793 gold pieces.
You spent 487 gold pieces at shops.

Inventory:

Hand Weapons
 a - a +1 vampiric war axe (weapon)
 b - the +6 arbalest "Damnation" {damnation}
   (You found it on level 7 of the Dungeon)

   Any ammunition fired from it explodes in a burst of damnation on striking a
   foe, dealing damage which bypasses armour.
 v - a +0 hand axe
 S - a +0 club
Missiles
 F - a throwing net (quivered)
 J - 15 bolts
Armour
 c - a +0 leather armour
 e - a +0 pair of boots (worn)
 k - a +0 chain mail
 n - a +2 scale mail of cold resistance (worn)
 q - a +0 cloak
 w - a +2 scale mail of poison resistance
 y - a +0 pair of gloves (worn)
 G - the +2 ratskin cloak (worn) {*Rats rPois rN+ Str-1 Int-1 Dex+1}
   (You found it on level 1 of the Lair of Beasts)

   When the wearer is hurt, rats may emerge from it to assist them.
   Str:       It affects your strength (-1).
   Int:       It affects your intelligence (-1).
   Dex:       It affects your dexterity (+1).
   rPois:     It protects you from poison.
   rN:        It protects you from negative energy.
 H - a +0 animal skin
 R - a +0 tower shield of protection (worn)
Jewellery
 D - a ring of poison resistance (left hand)
 L - a ring of protection from cold
 M - a ring of fire
 N - an amulet of guardian spirit (around neck)
 T - a ring of flight
 U - a +6 ring of strength (right hand)
 V - a ring of ice
 W - a ring of positive energy
Wands
 u - a wand of paralysis (15)
 B - a wand of acid (4)
 K - a wand of polymorph (8)
 O - a wand of iceblast (8)
Scrolls
 d - 6 scrolls of teleportation
 m - 2 scrolls of enchant weapon
 o - a scroll of vulnerability
 p - a scroll of magic mapping
 A - a scroll of fog
 E - 3 scrolls of amnesia
 I - 6 scrolls of identify
 Q - a scroll of brand weapon
 X - a scroll of immolation {unknown}
Potions
 f - 4 potions of degeneration
 g - 5 potions of might
 h - 4 potions of lignification
 i - 4 potions of mutation
 j - a potion of haste
 l - a potion of invisibility
 r - 4 potions of attraction
 s - a potion of flight
 t - 2 potions of brilliance
 x - a potion of curing
 z - 10 potions of heal wounds
 C - 2 potions of berserk rage
 P - a potion of magic


   Skills:
 + Level 10.0 Fighting
 + Level 13.3 Axes
 + Level 12.8 Crossbows
 + Level 9.0 Armour
 - Level 2.6 Dodging
 - Level 0.6 Stealth
 + Level 9.9 Evocations


You had 12 spell levels left.
You didn't know any spells.
Your spell library was empty.

Dungeon Overview and Level Annotations

Branches:
Dungeon (9/15)             Temple (0/1) D:6            Lair (4/6) D:9
  Swamp (0/4) Lair:2        Sewer (visited)
  Snake: Lair:2-4    Spider: Lair:2-4       Orc: D:9-12

Altars:
Ashenzari
Cheibriados
Makhleb
Qazlal
Sif Muna
Yredelemnul

Shops:
D:1 !   D:2 *   D:6 *   D:7 *   D:9 !![=

Annotations:
Lair:1 2 transporters
Lair:3 exclusion: oklob plant
Lair:4 Rupert


Innate Abilities, Weirdness & Mutations

You have a pair of horns on your head.
You reflexively headbutt those who attack you in melee.


Message History

You slash Rupert! You headbutt Rupert!
Rupert is lightly wounded.
Rupert roars wildly at you.
You struggle to resist.
Rupert barely misses you. You furiously retaliate!
You headbutt Rupert. You slash Rupert! You headbutt Rupert!
Rupert is moderately wounded.
A death yak comes into view.
Rupert hits you with a +4 triple sword of holy wrath!
You closely miss Rupert.
The death yak bellows!
You headbutt Rupert.
Rupert is moderately wounded.
A water moccasin comes into view.
Rupert hits you with a +4 triple sword of holy wrath!
The water moccasin hisses angrily.
You slash Rupert! You headbutt Rupert!
Rupert is heavily wounded.
You block Rupert's attack.
A death yak comes into view.
Rupert hits you with a +4 triple sword of holy wrath.
You hit Rupert but do no damage. You headbutt Rupert.
Rupert is heavily wounded.
Rupert yells loudly at you.
You suddenly lose the ability to move!
Rupert roars madly and goes into a rage!
Rupert goes berserk!
You can move again.
Your skin crawls.
You feel strong-willed. Trog will no longer gift you weapons.
Rupert hits you with a +4 triple sword of holy wrath!! x2
As you read the scroll of teleportation, it crumbles to dust.
You feel strangely unstable.
Rupert hits you with a +4 triple sword of holy wrath!!
* * * LOW HITPOINT WARNING * * *
A hell rat scurries out from under your cloak.
Rupert rages.
Rupert hits you with a +4 triple sword of holy wrath!!!
You die...

. .. ### ... ##.## ....
##...### ....#
###......##Y.P#
#.#.......YY.#
##......@@#..#
#.......r.l...#
#.............#
#............##
#............#
#............####
#.............#.###### ##
##.........##......#.###.
#.......................


You could see Rupert (berserk, ally target), 3 death yaks, a komodo dragon and a
friendly hell rat.

Vanquished Creatures
  Fannar (Lair:2)
  A centaur warrior (D:9)
  A catoblepas (Lair:2)
  2 two-headed ogres
  5 death yaks (Lair:2)
  Pikel (D:7)
  An ugly thing (D:7)
  2 cyclopes
  Joseph (D:8)
  A black mamba (Lair:2)
  8 cane toads
  7 rime drakes
  A troll (D:8)
  A polar bear (Lair:2)
  10 blink frogs
  18 yaks
  4 wyverns
  2 basilisks
  A steam dragon (D:7)
  A vampire mosquito (D:8)
  Menkaure (D:4)
  An acid dragon (D:9)
  9 water moccasins
  A swamp drake (Lair:2)
  5 orc warriors
  2 ice beasts
  A hornet zombie (D:8)
  2 necrophages
  3 black bears
  6 centaurs
  An ogre (D:3)
  9 wolves (Lair:2)
  2 lemures (D:7)
  2 phantoms (D:7)
  A kobold brigand (D:7)
  11 bullfrogs
  Blork the orc (D:5)
  2 scorpions
  A wyvern skeleton (D:7)
  4 killer bees
  4 electric eels
  14 wights
  A howler monkey (D:6)
  2 bullfrog zombies
  A hound (D:3)
  5 centaur zombies
  2 jellies
  7 orc priests
  2 centaur skeletons
  A gnoll shaman (D:6)
  4 iguanas
  5 orc wizards
  Natasha (D:1)
  5 hell rats (Lair:3)
  A killer bee zombie (D:5)
  13 gnolls
  6 adders
  A river rat (D:5)
  2 white imps
  An ufetubus (D:5)
  2 adder skeletons
  2 worms
  2 dart slugs
  30 orcs
  9 endoplasms
  2 giant cockroaches (D:3)
  7 goblins
  9 hobgoblins
  2 jackals (Sewer)
  14 kobolds
  A quokka (D:3)
  7 ball pythons
  8 bats
  2 frilled lizards
  7 rats
316 creatures vanquished.

Vanquished Creatures (collateral kills)
  2 hydras
  A death yak (Lair:2)
  A blink frog (Lair:3)
  A water moccasin (Lair:2)
5 creatures vanquished.

Vanquished Creatures (others)
  A bush (Lair:2)
  16 fungi
  38 plants
55 creatures vanquished.

Grand Total: 376 creatures vanquished

Notes
Turn   | Place    | Note
-------+----------+-------------------------------------------
     0 | D:1      | Brecoman the Minotaur Berserker began the quest for the
                  | Orb.
     0 | D:1      | Reached XP level 1. HP: 19/19 MP: 0/0
   241 | D:1      | Found Fammo's Distillery.
   313 | D:1      | Reached XP level 2. HP: 26/27 MP: 1/1
   394 | D:1      | Reached skill level 4 in Axes
   904 | D:2      | Noticed Natasha
   918 | D:1      | Killed Natasha
   919 | D:1      | Reached XP level 3. HP: 11/35 MP: 2/2
  1217 | D:2      | Reached skill level 5 in Fighting
  1292 | D:2      | Found a faded altar of an unknown god.
  1431 | D:2      | Found Misalo's General Store.
  1529 | D:2      | Reached ** piety under Trog
  1530 | D:2      | Reached XP level 4. HP: 28/42 MP: 3/3
  2457 | D:3      | Reached XP level 5. HP: 31/48 MP: 4/4
  3173 | D:4      | Reached *** piety under Trog
  3323 | D:4      | Noticed an ogre
  3636 | D:4      | Reached skill level 5 in Axes
  3636 | D:4      | Reached skill level 1 in Evocations
  3725 | D:4      | Reached XP level 6. HP: 35/57 MP: 5/5
  4245 | D:3      | Reached XP level 7. HP: 64/64 MP: 6/6
  4536 | D:5      | Entered Level 5 of the Dungeon
  4536 | D:5      | Noticed Menkaure
  4582 | D:4      | Killed Menkaure
  4583 | D:4      | Reached skill level 6 in Axes
  4583 | D:4      | Reached skill level 5 in Armour
  4764 | D:5      | Noticed Blork the orc
  4771 | D:5      | Killed Blork the orc
  4873 | D:5      | Found a glowing drain.
  4881 | Sewer    | Entered a sewer
  5053 | D:5      | Reached XP level 8. HP: 67/73 MP: 7/7
  5328 | D:5      | Reached skill level 7 in Axes
  5571 | D:6      | Noticed a two-headed ogre
  5656 | D:6      | Found a snail-covered altar of Cheibriados.
  5669 | D:6      | Found a broken altar of Ashenzari.
  5901 | D:6      | Found a staircase to the Ecumenical Temple.
  5946 | D:6      | Reached **** piety under Trog
  5989 | D:6      | Found Uthielu's General Store.
  6188 | D:6      | Bought a +2 scale mail of cold resistance for 315 gold
                  | pieces
  6239 | D:6      | Reached XP level 9. HP: 69/79 MP: 8/8
  6375 | D:6      | Found a basalt altar of Yredelemnul.
  6448 | D:6      | Killed a two-headed ogre
  6449 | D:6      | Reached skill level 8 in Axes
  6449 | D:6      | Reached skill level 5 in Evocations
  6966 | D:7      | Found Buesic's General Store.
  7243 | D:7      | Reached skill level 9 in Axes
  7313 | D:7      | Found the +6 arbalest "Damnation" {damnation}
  7467 | D:7      | Noticed Pikel
  7477 | D:7      | Killed Pikel
  7513 | D:7      | Reached XP level 10. HP: 73/92 MP: 9/9
  7764 | D:7      | Found a stormy altar of Qazlal.
  8245 | D:8      | Found a shimmering blue altar of Sif Muna.
  8371 | D:8      | Noticed Joseph
  8387 | D:8      | Killed Joseph
  8615 | D:8      | Found a burning altar of Makhleb.
  8672 | D:8      | Reached skill level 5 in Crossbows
  8885 | D:8      | Reached skill level 10 in Axes
  8988 | D:9      | Found Ryoduxod's Distillery.
  8998 | D:9      | Found Ecuptyeh's Antique Armour Boutique.
  9018 | D:9      | Bought a runed tower shield for 172 gold pieces
  9117 | D:9      | Found Mabbiano's Distillery.
  9150 | D:9      | Found a staircase to the Lair.
  9322 | D:9      | Noticed a cyclops
  9495 | D:8      | Killed a cyclops
  9587 | D:9      | Noticed a cyclops
  9588 | D:9      | Noticed a brown ugly thing
  9590 | D:9      | Noticed a two-headed ogre
 10226 | D:7      | Killed a brown ugly thing
 10227 | D:7      | Reached XP level 11. HP: 45/99 MP: 2/10
 10903 | D:9      | Killed a two-headed ogre
 11176 | D:9      | Reached skill level 11 in Axes
 11286 | D:9      | Found Hiloq's Jewellery Boutique.
 11326 | D:9      | Noticed a centaur warrior
 11340 | D:9      | Killed a centaur warrior
 11702 | Lair:1   | Entered Level 1 of the Lair of Beasts
 12117 | Lair:1   | Found a transporter.
 12134 | Lair:1   | Found a transporter.
 12135 | Lair:1   | Identified the +4 flail of Veytent {flame, Fragile rN+
                  | rCorr}
 12610 | Lair:1   | Noticed an eight-headed hydra
 12614 | Lair:1   | Killed an eight-headed hydra
 12674 | Lair:1   | Found the +2 ratskin cloak {*Rats rPois rN+ Str-1 Int-1
                  | Dex+1}
 12826 | Lair:1   | Reached skill level 10 in Crossbows
 13298 | Lair:2   | Noticed a catoblepas
 13313 | Lair:2   | Killed a catoblepas
 13441 | Lair:2   | Reached skill level 12 in Axes
 13506 | Lair:2   | Reached XP level 12. HP: 106/106 MP: 11/11
 13730 | Lair:2   | Noticed a death yak
 13731 | Lair:2   | Noticed a death yak
 13732 | Lair:2   | Noticed a death yak
 13757 | Lair:2   | Killed a death yak
 13767 | Lair:2   | Noticed a death yak
 13768 | Lair:2   | Noticed a death yak
 13768 | Lair:2   | Noticed a death yak
 13787 | Lair:2   | Killed a death yak
 13801 | Lair:2   | Killed a death yak
 13810 | Lair:2   | Killed a death yak
 13820 | Lair:2   | Killed a death yak
 13833 | Lair:2   | Killed a death yak
 14308 | Lair:2   | Found a staircase to the Swamp.
 14418 | Lair:2   | Reached ***** piety under Trog
 14976 | Lair:3   | Noticed Fannar
 15006 | Lair:2   | Killed Fannar
 15007 | Lair:2   | Reached skill level 13 in Axes
 15395 | Lair:3   | Noticed a five-headed hydra
 15405 | Lair:3   | Killed a five-headed hydra
 16285 | Lair:3   | Reached skill level 10 in Fighting
 16285 | Lair:3   | Reached XP level 13. HP: 113/113 MP: 10/12
 16542 | Lair:4   | Noticed Rupert
 16550 | Lair:4   | Paralysed by Rupert for 2 turns
 16554 | Lair:4   | Mangled by Rupert

Illustrated notes

Levels and vault maps discovered:
D:1:      lightli_arrival_statuegarden, layout_loops_corners, serial_shops, shop
D:2:      layout_rooms, serial_shops, shop, chequers_ecumenical_altar_grove,
          skrybe_limestone_x, uniq_natasha
D:3:      cheibrodos_helix_gallery, layout_basic, minmay_joined_circles
D:4:      layout_gridville
D:5:      layout_cave_pools, cheibrodos_sewer_entry_sluice, uniq_blork_the_orc,
          uniq_menkaure
D:6:      layout_loops_corners, general_overflow_altar, ashenzari_altar_1,
          mainiacjoe_overflow_small_starburst, minmay_temple_entry_purple_smoke,
          serial_shops, nicolae_shop_statue_plus
D:7:      layout_gridville, mainiacjoe_overflow_brackets, serial_shops,
          nicolae_stop_n_shop_2, uniq_pikel
D:8:      layout_loops_cross, mainiacjoe_overflow_six_doors_small,
          mainiacjoe_overflow_alcove_2, uniq_joseph
D:9:      nzn_winding_woodlands_three_and_one
          [nzn_winding_woodlands_5x15_default,
          nzn_winding_woodlands_5x15_parted,
          nzn_winding_woodlands_5x15_lazy_stream,
          nzn_winding_woodlands_center_triple_pond], layout_irregular_city,
          david_lair_generic, serial_shops, nicolae_shop_statue_plus, shop,
          nicolae_shop_behind_doors, kennysheep_mini, serial_bayou_lake_a
Lair:1:   layout_hall_layers, gammafunk_ghost_hive, serial_bayou_shore_b
Lair:2:   layout_gridlike, minmay_swamp_entry_reptiles,
          nicolae_quartered_pool_super, infiniplex_staircase_pool,
          grunt_megastairs_4, lemuel_fruit_tree
Lair:3:   layout_loops_ring, serial_bayou_shore_b, uniq_fannar
Lair:4:   layout_cave_pods, dummy_snake_entry, minmay_lair_drake_nest,
          uniq_rupert

Skill      XL: |  1  2  3  4  5  6  7  8  9 10 11 12 13 |
---------------+----------------------------------------+-----
Axes           | 4 5 6 7 9 10 12 13 | 13.3
Fighting       | 4 5 6 7 8 9 10 | 10.0
Armour         | 3 4 5 7 8 9 |  9.0
Evocations     | 1 2 3 4 6 7 8 9 |  9.9
Crossbows      | 2 7 10 12 | 12.8
Dodging        | |  2.6
Stealth        | |  0.6

Action                   |  1- 3 |  4- 6 |  7- 9 | 10-12 | 13-15 || total
-------------------------+-------+-------+-------+-------+-------++-------
Melee: Hand axe          |    57 |    48 |       |       |       ||   105
       Headbutt          |     6 |    20 |    40 |   150 |    13 ||   229
       War axe           |       |    81 |   208 |   626 |    28 ||   943
Invok: Berserk           |     1 |     1 |     2 |     4 |       ||     8
       Trog's Hand       |       |       |       |     5 |     1 ||     6
       Brothers in Arms  |       |       |       |     2 |       ||     2
Evoke: Wand              |       |     3 |     1 |     4 |       ||     8
  Use: Scroll            |       |       |    14 |     9 |     1 ||    24
 Stab: Petrified         |       |       |       |     3 |       ||     3
       Confused          |       |       |       |     1 |       ||     1
Armor: Leather armour    |    17 |     3 |       |       |       ||    20
       Chain mail        |       |    25 |       |       |       ||    25
       Scale mail        |       |    35 |   139 |   380 |     9 ||   563
Dodge: Dodged            |    28 |    78 |   132 |   238 |     3 ||   479
Block: Tower shield      |       |       |       |   498 |    15 ||   513
